 Dungeon Crawl Stone Soup version 0.30.0-30-g96aa6591b8 (webtiles) character file.

Game seed: 11412239774519879960

1901 Pepete the Covered (level 9, -6/65 HPs)
             Began as a Human Fighter on June 28, 2023.
             Was an Initiate of Gozag.
             Mangled by a two-headed ogre
             ... wielding a +0 giant club
              (23 damage)
             ... on level 8 of the Dungeon.
             The game lasted 00:14:35 (14399 turns).

Pepete the Covered (Human Fighter)                 Turns: 14399, Time: 00:14:35

Health: -6/65      AC: 13    Str: 26    XL:     9   Next: 38%
Magic:  9/9        EV:  8    Int:  8    God:    Gozag
Gold:   385        SH:  5    Dex: 14    Spells: 8/8 levels left

rFire   . . .        q - +0 long sword (distort)
rCold   . . .        c - +0 buckler
rNeg    . . .        j - +0 plate armour
rPois   +            d - +0 helmet
rElec   .            k - +1 cloak {rPois}
rCorr   .            (no gloves)
SInv    .            h - +0 pair of boots
Will    +....        (no amulet) Stlth
                     i - +6 ring of strength
HPRegen 0.30/turn    (no ring)
MPRegen 0.11/turn

%: no passive effects
@: on berserk cooldown, slowed, very slow
A: hooves 1, deformed body, strong-willed 1
a: Renounce Religion, Potion Petition, Call Merchant, Bribe Branch


You were on level 8 of the Dungeon.
You worshipped Gozag.
Gozag was aware of your devotion.
You visited 2 branches of the dungeon, and saw 9 of its levels.

You collected 747 gold pieces.
You paid 362 gold pieces to Gozag.

Inventory:

Hand Weapons
 a - a +0 long sword
 q - a +0 long sword of distortion (weapon)
Armour
 c - a +0 buckler (worn)
 d - a +0 helmet (worn)
 h - a +0 pair of boots (worn)
 j - a +0 plate armour (worn)
 k - a +1 cloak of poison resistance (worn)
Jewellery
 i - a +6 ring of strength (left hand)
 m - a ring of resist corrosion
Wands
 o - a wand of flame (27)
 p - a wand of charming (6)
Scrolls
 f - 4 scrolls of identify
 l - 2 scrolls of poison
 s - a scroll of teleportation
Potions
 b - a potion of berserk rage
 e - 2 potions of magic
 g - 2 potions of ambrosia
 n - 3 potions of attraction
 r - a potion of might
 t - 2 potions of curing


   Skills:
 + Level 4.2 Fighting
 * Level 7.2 Long Blades
 * Level 7.4 Armour
 * Level 3.7 Dodging
 * Level 4.9 Shields


You had 8 spell levels left.
You didn't know any spells.
Your spell library contained the following spells:

 Spells                   Type           Power      Damage    Failure   Level
 Apportation              Tloc           0%         N/A       99%         1
 Blink                    Tloc           0%         N/A       100%        2
 Ensorcelled Hibernation  Hex/Ice        0%         N/A       100%        2
 Static Discharge         Conj/Air       0%         2-2/arc   100%        2
 Spider Form              Tmut/Pois      0%         N/A       100%        3
 Stone Arrow              Conj/Erth      0%         3d7       100%        3
 Airstrike                Air            0%         2d(0-16)  100%        4
 Anguish                  Hex/Necr       0%         N/A       100%        4
 Animate Armour           Summ/Erth      0%         N/A       100%        4
 Ice Form                 Ice/Tmut       0%         N/A       100%        4
 Manifold Assault         Tloc           0%         N/A       100%        4
 Summon Lightning Spire   Summ/Air       0%         N/A       100%        4
 Alistair's Intoxication  Tmut/Pois      0%         N/A       100%        5
 Storm Form               Tmut/Air       0%         N/A       100%        7
 Polar Vortex             Ice            0%         N/A       100%        9


Dungeon Overview and Level Annotations

Branches:
Dungeon (8/15)             Temple (1/1) D:5
   Lair: D:8-11

Altars:
Ashenzari
Cheibriados
Dithmenos
Elyvilon
Fedhas
Gozag
Hepliaklqana
Kikubaaqudgha
Makhleb
Nemelex Xobeh
Okawaru
Qazlal
Ru
Sif Muna
Trog
Uskayaw
Vehumet
Wu Jian
Xom
Yredelemnul
Zin
The Shining One

Shops:
D:6 :

Annotations:
D:3 Grinder
D:8 1 transporter


Innate Abilities, Weirdness & Mutations

You have large cloven feet.
Armour fits poorly on your strangely shaped body.
You are strong-willed. (Will+)


Message History

An orc is nearby!
You closely miss the orc. You block the orc's attack.
You hit the orc.
Space warps horribly around the orc!!
You kill the orc!
No target in view!
No target in view!
You now have 385 gold pieces (gained 7).
Things that are here:
a +0 flail; a +0 ring mail
Found a stone staircase leading down.
You start waiting.
Done waiting.
Found a short sword.
Found a trident.
A two-headed ogre comes into view. It is wielding two +0 giant clubs.
The two-headed ogre shouts in stereo!
The two-headed ogre hits you with a +0 giant club!! x2
You are too injured to fight recklessly!
You are too injured to fight recklessly!
You are too injured to fight recklessly!
You are too injured to fight recklessly!
A red film seems to cover your vision as you go berserk!
You feel yourself moving faster!
You feel mighty!
You barely miss the two-headed ogre. The two-headed ogre barely misses you.
The two-headed ogre hits you with a +0 giant club!!
* * * LOW HITPOINT WARNING * * *
You barely miss the two-headed ogre. You slice the two-headed ogre!!
The two-headed ogre is moderately wounded.
The two-headed ogre blinks!
You feel a strong urge to attack something.
You are no longer berserk.
You are exhausted.
You feel yourself slow down.
The two-headed ogre barely misses you. x2
You barely miss the two-headed ogre.
The two-headed ogre is moderately wounded.
The two-headed ogre hits you with a +0 giant club!!
You die...
Your body crumbles into a pile of gold.

...........................
............#.#.#.#.#.#.#.#.#
##...###.......).............#
...# #.....#.#.#.#.#.#.#.#..
...# #....................#
..# #......#.#.#.#.#.#.#.#
....................##
.......#.#.#.#.#.#....
.......@O............
...........##........
.###........#........
#........#....##..
..........#.....+ .
#....#######....## #....
#.#### #.... ..# #..


You could see a two-headed ogre.

Vanquished Creatures
  A water moccasin (D:5)
  A sky beast (D:6)
  3 orc warriors
  3 ice beasts
  An ogre (D:5)
  2 phantoms
  2 scorpions
  5 hounds
  6 jellies
  2 orc priests (D:6)
  Crazy Yiuf (D:5)
  A gnoll bouda (D:4)
  A sleepcap (D:4)
  3 iguanas
  3 orc wizards
  3 gnolls (D:4)
  4 adders
  A shadow imp (D:7)
  2 white imps
  2 ufetubi
  3 dart slugs
  23 orcs
  2 bats
  3 endoplasms
  3 giant cockroaches
  2 goblins (D:4)
  6 hobgoblins
  4 jackals
  7 kobolds
  2 quokkas
  3 ball pythons
  7 frilled lizards
  4 rats
116 creatures vanquished.

Notes
Turn   | Place    | Note
-------+----------+-------------------------------------------
     0 | D:1      | Pepete the Human Fighter began the quest for the Orb.
     0 | D:1      | Reached XP level 1. HP: 18/18 MP: 1/1
   278 | D:1      | Reached XP level 2. HP: 20/24 MP: 2/2
  1458 | D:2      | Reached XP level 3. HP: 25/29 MP: 3/3
  1668 | D:2      | Found a hazy altar of Hepliaklqana.
  1908 | D:2      | Found a faded altar of an unknown god.
  2110 | D:2      | Reached skill level 1 in Dodging
  2183 | D:2      | Reached XP level 4. HP: 34/35 MP: 4/4
  2383 | D:3      | Noticed Grinder
  2797 | D:4      | Reached XP level 5. HP: 22/41 MP: 5/5
  3436 | D:4      | Gained mutation: You are partially covered in iridescent
                  | scales. (AC +2) [potion of mutation]
  3436 | D:4      | Gained mutation: You are weak. (Str -2) [potion of
                  | mutation]
  3440 | D:4      | Lost mutation: You are weak. (Str -2) [potion of mutation]
  3440 | D:4      | Lost mutation: You are partially covered in iridescent
                  | scales. (AC +2) [potion of mutation]
  3440 | D:4      | Gained mutation: You have large cloven feet. [potion of
                  | mutation]
  3440 | D:4      | Gained mutation: You are strong-willed. (Will+) [potion of
                  | mutation]
  3440 | D:4      | Gained mutation: Armour fits poorly on your strangely
                  | shaped body. [potion of mutation]
  3472 | D:4      | Reached XP level 6. HP: 42/47 MP: 6/6
  4127 | D:4      | Got the Compilation of the Snowflakes and the Fault
  5003 | D:4      | Reached XP level 7. HP: 21/52 MP: 7/7
  5662 | D:5      | Entered Level 5 of the Dungeon
  6096 | D:5      | Reached skill level 5 in Armour
  6442 | D:5      | Reached skill level 5 in Long Blades
  6794 | D:5      | Found a staircase to the Ecumenical Temple.
  6816 | Temple   | Entered the Ecumenical Temple
  6863 | Temple   | Became a worshipper of Gozag Ym Sagoz the Greedy
  6922 | D:5      | Found a blossoming altar of Fedhas.
  6922 | D:5      | Found a shimmering altar of Xom.
  6989 | D:5      | Noticed a water moccasin
  7009 | D:5      | Killed a water moccasin
  7010 | D:5      | Reached XP level 8. HP: 17/60 MP: 8/8
  8161 | D:5      | Found a runed translucent door.
  8162 | D:5      | Noticed Crazy Yiuf
  8192 | D:5      | Killed Crazy Yiuf
  9530 | D:6      | Found Zamenad's Book Emporium.
 11497 | D:6      | Reached XP level 9. HP: 61/65 MP: 9/9
 12990 | D:7      | Found a shimmering blue altar of Sif Muna.
 14183 | D:8      | Found a transporter.
 14384 | D:8      | Noticed a two-headed ogre
 14399 | D:8      | Mangled by a two-headed ogre

Illustrated notes

Levels and vault maps discovered:
D:1:      dpeg_arrival_central, layout_basic, chequers_avenue,
          minmay_misc_feat_iff
D:2:      layout_basic, nicolae_ecumenical_oubliette, basic_altar,
          minmay_misc_feat_pillars, amcnicky_mini_pool_small
D:3:      layout_rooms, serial_shops, nicolae_shop_rolled_up,
          chequers_serial_rivers_room_b, uniq_grinder, uniq_pargi
D:4:      layout_basic, minmay_quadrilaterals
D:5:      layout_basic, jmf_multi_god_temple, minmay_temple_entry_mini_moons,
          uniq_crazy_yiuf_cottage
D:6:      layout_basic, serial_glass, glass_columns_a, glass_columns_b,
          feat_on_display, item_on_display_a, nicolae_inconvenience_store,
          hangedman_abyss_or_decor_lesser_grid, chequers_garden,
          interstate_on_off, minmay_increasing_density
D:7:      layout_rooms, mainiacjoe_overflow_tiny_flanked
D:8:      layout_basic, hex_large, nicolae_diode_basic
Temple:   hellmonk_temple_of_storms

Skill      XL: |  1  2  3  4  5  6  7  8  9 |
---------------+----------------------------+-----
Dodging        | 1 2 3 |  3.7
Long Blades    | 3 4 5 6 7 |  7.2
Armour         | 4 5 6 7 |  7.4
Shields        | 4 |  4.9
Fighting       | 4 |  4.2

Action                     |  1- 3 |  4- 6 |  7- 9 || total
---------------------------+-------+-------+-------++-------
  Melee: Long sword        |    78 |   141 |   356 ||   575
         Kick              |       |    27 |       ||    27
 Invoke: Potion Petition   |       |       |     1 ||     1
    Use: Scroll            |       |     6 |     7 ||    13
         Potion            |       |     9 |    10 ||    19
   Stab: Distracted        |       |       |     1 ||     1
 Armour: Scale mail        |    10 |       |       ||    10
         Plate armour      |    43 |    78 |   191 ||   312
  Dodge: Dodged            |    16 |    30 |   113 ||   159
  Block: Buckler           |    26 |    30 |    69 ||   125
